 Dungeon Crawl Stone Soup version 0.17-a0-1562-g9b2c768 (webtiles) character file.

823 Pandaemon the Ducker (level 7, -13/61 HPs)
             Began as a Red Draconian Berserker on July 20, 2015.
             Was an Elder of Trog.
             Mangled by scrublord's ghost (15 damage)
             ... on level 5 of the Dungeon.
             The game lasted 00:18:03 (3998 turns).

Pandaemon the Ducker (Red Draconian Berserker)      Turns: 3998, Time: 00:18:03

Health: -13/61     AC:  8    Str: 21    XL:     7   Next: 64%
Magic:  7/7        EV: 14    Int: 15    God:    Trog [****..]
Gold:   100        SH:  3    Dex: 10    Spells: 0 memorised, 6 levels left

rFire  + . .     SeeInvis .     D - +1 short sword of the Volcano {flame, rElec Int+7}
rCold  + . .     Clarity  .     (armour unavailable)
rNeg   . . .     SustAt   .     d - +0 buckler
rPois  .         Gourm    .     (helmet restricted)
rElec  +         Spirit   .     n - +1 cloak
rCorr  .         Warding  .     (no gloves)
rMut   .         Stasis   .     (no boots)
MR     .....                    (no amulet)
Stlth  +.........               i - +1 ring of evasion
                                t - ring of protection from cold

@: exhausted, marked, slowed, very slow, not resistant to hostile enchantments,
very unstealthy
A: breathe fire, unfitting armour, fire resistance 1, cold-blooded, AC +6
a: Breathe Fire, Burn Spellbooks, Berserk, Trog's Hand, Brothers in Arms,
Renounce Religion


You were on level 5 of the Dungeon.
You worshipped Trog.
Trog was greatly pleased with you.
You were not hungry.

You visited 1 branch of the dungeon, and saw 5 of its levels.

You collected 124 gold pieces.
You spent 24 gold pieces at shops.

Inventory:

Hand weapons
 a - a +1 hand axe
 q - a +0 flail
 x - a +0 hand axe
 y - a +0 short sword of venom
 D - the +1 short sword of the Volcano (weapon) {flame, rElec Int+7}
   (You found it on level 4 of the Dungeon)

   It has been specially enchanted to burn those struck by it, causing extra
   injury to most foes and up to half again as much damage against particularly
   susceptible opponents.
   It affects your intelligence (+7).
   It insulates you from electricity.
Armour
 d - a +0 buckler (worn)
 n - a +1 cloak (worn)
Jewellery
 i - a +1 ring of evasion (right hand)
 t - a ring of protection from cold (left hand)
 A - an uncursed ring of magical power
Magical devices
 F - a wand of polymorph (12)
Scrolls
 c - 6 scrolls of remove curse
 e - a scroll of teleportation
Potions
 g - a potion of might
 h - a potion of heal wounds
 o - 3 potions of curing
 r - a potion of invisibility
 u - a potion of agility {unknown}
 z - a potion of flight {unknown}
 B - 2 potions of brilliance
Miscellaneous
 p - a plain deck of defence {the Helm}
Comestibles
 b - 3 bread rations
 m - a fruit
 v - 3 meat rations
 w - a slice of pizza
 E - a chunk of flesh


   Skills:
 + Level 5.5 Fighting
 + Level 5.2 Axes
 + Level 5.8 Dodging
 + Level 1.4 Stealth
 + Level 1.3 Shields


You had 6 spell levels left.
You didn't know any spells.

Dungeon Overview and Level Annotations

Branches:
Dungeon (5/15)
 Temple: D:4-7

Altars:
Makhleb
Nemelex Xobeh
Vehumet

Shops:
D:5 }

Annotations:
D:5 scrublord's ghost, experienced HOFi


Innate Abilities, Weirdness & Mutations

You can breathe blasts of fire.
Your fiery red scales are hard (AC +6).
Your body does not fit into most forms of armour.
Your flesh is heat resistant.
You are cold-blooded and may be slowed by cold attacks.


Message History

A rat comes into view.
You hit scrublord's ghost but do no damage.
Scrublord's ghost is severely damaged.
You block the jackal's attack. The giant cockroach misses you.
The sky beast barely misses you. Scrublord's ghost hits you.
* * * LOW HITPOINT WARNING * * *
The jackal barely misses you. The giant cockroach bites you.
* * * LOW HITPOINT WARNING * * *
The sky beast hits you but does no damage.
Scrublord's ghost closely misses you.
A jackal comes into view.
You hit scrublord's ghost but do no damage.
Your tail-slap misses scrublord's ghost.
Scrublord's ghost is severely damaged.
The jackal misses you. The giant cockroach bites you.
* * * LOW HITPOINT WARNING * * *
The jackal barely misses you.
The sky beast flickers out of sight!
Deactivating autopickup; reactivate with Ctrl-A.
Something hits you but does no damage. Scrublord's ghost hits you!
You die...

#..#..§#.[#
#...§∩....##
#..#...#...#
###...#.#..#.###
#....†..().#...#
##.##.##.####.#.#
#rgh.....# #<#.#
#h{##.####
#.....# #.@##.#
#.....# #sW##.#
#...... #.l##..
......# #..###
#.....# #..#
....... ...#
####### ....
.....


You could see scrublord's ghost, a giant gecko, 2 jackals, a giant cockroach, a
hobgoblin and a rat.

Vanquished Creatures
  The ghost of Pandaemon the Skirmisher, an average DrSk of Vehumet (D:4)
  An ogre (D:4)
  2 scorpions (D:4)
  2 orc priests (D:3)
  A hound (D:4)
  2 orc wizards (D:4)
  An iguana (D:4)
  A hound skeleton (D:4)
  11 adders
  2 adder skeletons (D:4)
  2 giant geckos
  23 orcs
  2 ball pythons
  11 bats
  A bat zombie (D:4)
  12 goblins
  9 hobgoblins
  7 jackals (D:2)
  6 kobolds
  4 quokkas
  5 giant cockroaches
  5 giant newts
  9 rats
120 creatures vanquished.

Notes
Turn   | Place    | Note
--------------------------------------------------------------
     0 | D:1      | Pandaemon the Draconian Berserker began the quest for the Orb.
     0 | D:1      | Reached XP level 1. HP: 19/19 MP: 1/1
   197 | D:1      | Reached XP level 2. HP: 19/26 MP: 2/2
   764 | D:2      | Acquired Trog's second power
   772 | D:2      | Reached XP level 3. HP: 7/33 MP: 3/3
  1273 | D:2      | Reached skill level 4 in Fighting
  1273 | D:2      | Reached XP level 4. HP: 40/40 MP: 4/4
  1338 | D:2      | Found a sparkling altar of Nemelex Xobeh.
  2001 | D:3      | Reached XP level 5. HP: 45/47 MP: 5/5
  2621 | D:4      | Noticed an ogre
  2632 | D:4      | Killed an ogre
  2632 | D:4      | Reached XP level 6. HP: 55/55 MP: 6/6
  2656 | D:4      | Noticed Pandaemon's ghost (average DrSk)
  2703 | D:4      | Reached skill level 5 in Fighting
  2770 | D:4      | HP: 1/56 [Pandaemon's ghost (11)]
  2771 | D:4      | Killed Pandaemon's ghost
  2771 | D:4      | Reached skill level 5 in Axes
  2771 | D:4      | Reached skill level 5 in Dodging
  2771 | D:4      | Reached skill level 1 in Stealth
  2771 | D:4      | Reached skill level 1 in Shields
  2771 | D:4      | Your scales start taking on a fiery red colour.
  2771 | D:4      | Gained mutation: Your flesh is heat resistant. [Red Draconian growth]
  2771 | D:4      | Reached XP level 7. HP: 1/61 MP: 7/7
  3347 | D:4      | Found a burning altar of Makhleb.
  3458 | D:4      | Acquired Trog's third power
  3681 | D:4      | Found a radiant altar of Vehumet.
  3895 | D:4      | Got a faintly glowing short sword
  3920 | D:5      | Entered Level 5 of the Dungeon
  3923 | D:5      | Found Jiguegeg's Quality Used Wands.
  3941 | D:5      | Identified the +1 short sword of the Volcano {flame, rElec Int+7} (You found it on level 4 of the Dungeon)
  3950 | D:5      | Bought a wand of polymorph (0) for 24 gold pieces
  3972 | D:5      | Noticed scrublord's ghost (experienced HOFi)
  3997 | D:5      | HP: 2/61 [giant cockroach (2)]
  3998 | D:5      | Mangled by scrublord's ghost

Vault maps used:
D:1:      lemuel_arrival_lava_pool, hangedman_decor_slide_cut
D:2:      lemuel_upstairs_altar, nemelex_diamond_rough_becter
D:3:      amalloy_card_club
D:4:      bloody_makhleb, vehumet_crystals, first_bread, hangedman_decor_growths
D:5:      basic_altar, nicolae_for_you_no_charge

Action                   |  1- 3 |  4- 6 |  7- 9 || total
-------------------------+-------+-------+-------++-------
Melee: Hand axe          |   119 |   196 |    92 ||   407
       Short sword       |       |       |    29 ||    29
Invok: Berserk           |       |     2 |     1 ||     3
 Abil: Breathe Fire      |       |       |     1 ||     1
  Use: Potion            |     1 |       |       ||     1
       Scroll            |       |    13 |     7 ||    20
 Stab: Sleeping          |       |       |     2 ||     2
  Eat: Chunk             |     1 |     6 |     3 ||    10
       Bread ration      |       |       |     1 ||     1
